 Dungeon Crawl Stone Soup version 0.31-a0-920-g28cbb04a8c (webtiles) character file.

Game seed: 15535704853608892832

513740 Flugkiller the Petrodigitator (level 24, -18/114 HPs)
             Began as a Felid Earth Elementalist on Oct 17, 2023.
             Was the Champion of Vehumet.
             Killed from afar by a tengu reaver (54 damage)
             ... with a bolt of fire
             ... on level 5 of the Vaults on Oct 18, 2023.
             The game lasted 02:52:19 (83284 turns).

Flugkiller the Petrodigitator (FeEE)               Turns: 83284, Time: 02:52:20

Health: -18/114    AC:  3    Str:  6    XL:     24   Next: 41%
Magic:  43/43      EV: 36    Int: 29    God:    Vehumet [******]
Gold:   3072       SH:  0    Dex: 19    Spells: 2/53 levels left
                                        Lives:  0   Deaths: 8

rFire   . . .        (weapon unavailable)
rCold   + + +        (shield unavailable)
rNeg    + . .        (body armour unavailable)
rPois   .            (helmet unavailable)
rElec   .            (cloak unavailable)
rCorr   .            (gloves unavailable)
SInv    +            (boots unavailable)
Will    +++..        G - amulet of magic regeneration
Stlth   +++          v - +5 ring of evasion
HPRegen 0.39/turn    H - ring "Qeotuvei" {rC++ rN+ Int+6}
MPRegen 0.68/turn

%: no passive effects
@: brilliant, quick
A: very small, claws 1, fangs 3, see invisible, speed 1, shaggy fur 3, stealthy
paws, no weapons or thrown items, no armour, multi-lived
}: 2/15 runes: barnacled, gossamer
a: Renounce Religion


You were on level 5 of the Vaults.
You worshipped Vehumet.
Vehumet was exalted by your worship.
You visited 10 branches of the dungeon, and saw 46 of its levels.
You also visited: Ice Cave.

You collected 6864 gold pieces.
You spent 3792 gold pieces at shops.

Inventory:

Jewellery
 c - a ring of protection from cold
   (You found it on level 1 of the Shoals)
 e - a ring of ice
   (You found it on level 1 of the Dungeon)
 g - the amulet "Jiatal" {Regen+ Int+3}
   (You took it off a deep elf high priest on level 3 of the Elven Halls)

   [amulet of regeneration]

   Int+3:     It affects your intelligence (+3).
   Regen+:    It increases your rate of health regeneration.
 m - a ring of willpower
   (You found it on level 1 of the Spider Nest)
 p - a +4 ring of protection
   (You took it off a deep elf sorcerer on level 3 of the Elven Halls)
 v - a +5 ring of evasion (left paw)
   (You found it on level 1 of the Crypt)
 E - a ring of magical power
   (You found it on level 3 of the Lair of Beasts)
 F - a ring of positive energy
   (You found it on level 3 of the Lair of Beasts)
 G - an amulet of magic regeneration (around neck)
   (You found it on level 4 of the Lair of Beasts)
 H - the ring "Qeotuvei" (right paw) {rC++ rN+ Int+6}
   (You took it off a fire giant on level 3 of the Depths)

   [ring of intelligence]

   Int+6:     It affects your intelligence (+6).
   rC++:      It greatly protects you from cold.
   rN+:       It protects you from negative energy.
 J - the ring "Toezxyci" {Wiz Str-5 Int+6}
   (You found it in an ice cave)

   [ring of wizardry]

   Wiz:       It improves your spell success rate.
   Str-5:     It affects your strength (-5).
   Int+6:     It affects your intelligence (+6).
 L - a ring of resist corrosion
   (You found it on level 3 of the Shoals)
 N - a ring of magical power
   (You took it off a centaur warrior on level 1 of the Vaults)
 Q - a ring of willpower
   (You took it off an ironbound preserver on level 2 of the Vaults)
 R - a ring of flight
   (You took it off a yaktaur on level 2 of the Vaults)
Wands
 f - a wand of iceblast (69)
   (You found it on level 2 of the Dungeon)
 u - a wand of charming (27)
   (You took it off an orc on level 6 of the Dungeon)
 D - a wand of polymorph (23)
   (You found it on level 3 of the Spider Nest)
 M - a wand of acid (28)
   (You found it on level 14 of the Dungeon)
 P - a wand of flame (47)
   (You found it on level 2 of the Vaults)
 S - a wand of digging (6)
   (You found it on level 1 of the Depths)
Scrolls
 d - 11 scrolls of revelation
 i - 4 scrolls of poison
 k - 4 scrolls of immolation
 l - 6 scrolls of fog
 r - 27 scrolls of identify
 s - 7 scrolls of vulnerability
 t - 5 scrolls of teleportation
 x - 6 scrolls of amnesia
 y - a scroll of torment
Potions
 a - a potion of magic
 b - 14 potions of lignification
 h - 2 potions of haste
 j - 5 potions of enlightenment
 n - 3 potions of resistance
 o - 19 potions of ambrosia
 q - 13 potions of curing
 w - 2 potions of heal wounds
 z - 8 potions of mutation
 A - 3 potions of brilliance
 C - 3 potions of cancellation
 K - 3 potions of invisibility
Miscellaneous
 B - a lightning rod (4/4)
   (You found it on level 11 of the Dungeon)
 I - a phial of floods
   (You found it on level 5 of the Lair of Beasts)
 O - a condenser vane
   (You found it on level 1 of the Vaults)


   Skills:
 - Level 16.0 Fighting
 + Level 17.3 Dodging
 - Level 4.0 Stealth
 - Level 15.0 Spellcasting
 * Level 18.1 Conjurations
 - Level 4.0 Transmutations
 - Level 10.0 Fire Magic
 O Level 27 Earth Magic
 - Level 6.0 Evocations


You had 2 spell levels left.
You knew the following spells:

 Your Spells              Type           Power      Damage    Failure   Level
a - Orb of Destruction    Conj           56%        9d14      1%          7
b - Lehudib's Crystal Sp  Conj/Erth      62%        10d14     1%          8
c - Shatter               Erth           66%        3d49*     1%          9
d - Starburst             Conj/Fire      50%        6d14      1%          6
e - Fireball              Conj/Fire      50%        3d20      1%          5
f - Bombard               Conj/Erth      62%        9d10      1%          6
g - Lee's Rapid Deconstr  Erth           66%        3d30*     0%          5
h - Borgnjor's Vile Clut  Necr/Erth      50%        N/A       1%          5

Your spell library contained the following spells:

 Spells                   Type           Power      Damage    Failure   Level
 Maxwell's Capacitive Co  Air            16%        ∞         100%        8
 Polar Vortex             Ice            16%        12d2*     100%        9
 Magic Dart               Conj           100%       1d8       0%          1
 Sandblast                Erth           100%       2d20      0%          1
 Passwall                 Tmut/Erth      88%        N/A       0%          2
 Searing Ray              Conj           100%       2d8       0%          2
 Freeze                   Ice            100%       1d10      1%          1
 Kiss of Death            Conj/Necr      100%       2d13      1%          1
 Shock                    Conj/Air       100%       1d9       1%          1
 Momentum Strike          Conj/Tloc      100%       3d10      1%          2
 Scorch                   Fire           100%       2d9       1%          2
 Apportation              Tloc           64%        N/A       2%          1
 Necrotise                Necr           100%       1d9       2%          1
 Summon Small Mammal      Summ           100%       N/A       2%          1
 Blink                    Tloc           64%        N/A       3%          2
 Cigotuvi's Dreadful Rot  Necr/Pois/Air  64%        N/A       3%          2
 Ensorcelled Hibernation  Hex/Ice        64%        N/A       3%          2
 Jinxbite                 Hex            64%        N/A       3%          2
 Lesser Beckoning         Tloc           64%        N/A       3%          2
 Sublimation of Blood     Necr           32%        N/A       3%          2
 Stone Arrow              Conj/Erth      100%       3d13      0%          3
 Brom's Barrelling Bould  Conj/Erth      100%       2d11      0%          4
 Frozen Ramparts          Ice            64%        1d10      1%          3
 Hailstorm                Conj/Ice       84%        3d17      1%          3
 Ignite Poison            Fire/Tmut/Pois 65%        N/A       1%          3
 Inner Flame              Hex/Fire       66%        N/A       1%          3
 Mephitic Cloud           Conj/Pois/Air  71%        N/A       1%          3
 Flame Wave               Conj/Fire      100%       2d21      1%          4
 Fulminant Prism          Conj/Hex       42%        3d19      1%          4
 Leda's Liquefaction      Hex/Erth       50%        N/A       1%          4
 Petrify                  Tmut/Erth      100%       N/A       1%          4
 Sticky Flame             Conj/Fire      100%       2d11      1%          4
 Freezing Cloud           Conj/Ice/Air   35%        6-21      1%          5
 Irradiate                Conj/Tmut      46%        3d27      1%          5
 Airstrike                Air            16%        2d(3-19)  6%          4
 Call Canine Familiar     Summ           32%        N/A       7%          3
 Confusing Touch          Hex            32%        N/A       7%          3
 Sigil of Binding         Hex            32%        N/A       7%          3
 Summon Guardian Golem    Hex/Summ       32%        N/A       7%          3
 Swiftness                Air            32%        N/A       7%          3
 Vampiric Draining        Necr           32%        2d8       7%          3
 Plasma Beam              Fire/Air       33%        2x1d46    12%         6
 Anguish                  Hex/Necr       16%        N/A       22%         4
 Animate Dead             Necr           32%        N/A       22%         4
 Cause Fear               Hex            16%        N/A       22%         4
 Dispel Undead            Necr           32%        3d14      22%         4
 Summon Ice Beast         Ice/Summ       32%        N/A       22%         4
 Summon Lightning Spire   Summ/Air       32%        N/A       22%         4
 Alistair's Intoxication  Tmut/Pois      33%        N/A       26%         5
 Ignition                 Fire           44%        3d13      50%         8
 Agony                    Necr           32%        N/A       52%         5
 Metabolic Englaciation   Hex/Ice        16%        N/A       52%         5
 Fire Storm               Conj/Fire      50%        8d13      83%         9
 Death Channel            Necr           16%        N/A       98%         6
 Simulacrum               Ice/Necr       16%        N/A       98%         6
 Summon Cactus Giant      Summ           16%        N/A       98%         6
 Ozocubu's Refrigeration  Ice            16%        4d11      98%         7
 Enfeeble                 Hex            16%        N/A       100%        7
 Haunt                    Necr/Summ      16%        N/A       100%        7
 Malign Gateway           Summ/Tloc      16%        N/A       100%        7
 Infestation              Necr           16%        N/A       100%        8
 Summon Horrible Things   Summ           16%        N/A       100%        8
 Chain Lightning          Conj/Air       42%        3d56      100%        9
 Animate Armour           Summ/Erth      Unusable   N/A       N/A         4
 Dimensional Bullseye     Hex/Tloc       Unusable   N/A       N/A         4

Dungeon Overview and Level Annotations

Branches:
Dungeon (15/15) Zot: 24216  Temple (1/1) D:7 Zot: 5974    Lair (5/5) D:8 Zot: 24338
 Shoals (4/4) Lair:2 Zot: 18964  Spider (4/4) Lair:2 Zot: 16389   Slime (0/5) Lair:4
    Orc (2/2) D:12 Zot: 9511     Elf (3/3) Orc:2 Zot: 11268  Vaults (5/5) D:14 Zot: 26990
  Crypt (3/3) Vaults:3 Zot: 11553    Tomb (0/3) Crypt:3      Depths (4/4) D:15 Zot: 24522
    Zot (0/5) Depths:4      IceCv (visited)

Altars:
Ashenzari
Cheibriados
Dithmenos
Elyvilon
Fedhas
Gozag
Hepliaklqana
Kikubaaqudgha
Makhleb
Nemelex Xobeh
Okawaru
Qazlal
Ru
Sif Muna
Trog
Uskayaw
Vehumet
Wu Jian
Xom
Yredelemnul
Zin
The Shining One
Jiyva

Shops:
Orc:2 **?*   Elf:3 *((   Vaults:4 *   Depths:3 *   Depths:4 [(

Portals:
Hell: Depths:1 Depths:2 Depths:3 Depths:4
Abyss: Depths:2 Depths:3
Pandemonium: Depths:2
Ziggurat: Depths:1
Trove: Elf:2 (give 17 scrolls of teleportation)

Annotations:
D:4 exclusion: downstairs
D:5 1 runed translucent door, Crazy Yiuf
D:6 Jeremiah
D:7 Maggie
D:12 Jorgrun
D:13 3 runed translucent doors, kae's ghost, journeyman DsEn
D:15 Roxanne
Lair:4 exclusion: oklob plant
Spider:3 exclusion: downstairs
Elf:1 3 runed translucent doors, Esmu's ghost, adept MiFi
Elf:2 3 runed translucent doors
Vaults:2 2 runed translucent doors, Arzdou's ghost, adept DsSh; Ciotsan's ghost, adept FeIE
Crypt:1 2 transporters, exclusion: 2 orange crystal statues, Kiamal's ghost, veteran GnHW; Xecaleth's ghost, adept GrFi
Crypt:3 Boris


Innate Abilities, Weirdness & Mutations

You have sharp claws.
You have razor-sharp teeth.
You have supernaturally acute eyesight. (SInv)
You cover ground quickly. (Speed+)
Your thick and shaggy fur keeps you warm. (AC +3, rC+)
Your paws help you pounce on unaware monsters.
You are incapable of wielding weapons or throwing items.
You cannot wear armour.
You gain extra lives every three experience levels.


Message History

You kill the ettin!
Vehumet accepts your kill.
You feel your power returning.
You kill the tengu reaver!
Vehumet accepts your kill.
The wolf spider is severely wounded.
Ka-crash!
You hear two shouts!
You hear a shout!
You hear two shouts!
You hear an angry hiss.
You hear a shout! x3
Unknown command.
Casting: Shatter (dangerous; 1% risk of failure)
Confirm with . or Enter, or press ? or * to list all spells.
You feel a surge of power!
The dungeon rumbles!
The shadow dragon zombie is severely damaged.
The sphinx zombie is almost destroyed.
You kill the wolf spider!
Vehumet accepts your kill.
You feel your power returning.
The wolf spider's shape twists and changes as it dies.
Ka-crash!
You hear a shout! x7
The shadow dragon zombie closely misses you.
The shadow dragon zombie claws you.
The shadow dragon zombie completely misses you.
The sphinx zombie is engulfed in freezing vapours.
A tengu reaver comes into view. It is wielding a +1 glaive.
A deep elf annihilator comes into view. It is wielding a +0 rapier.
Casting: Shatter (dangerous; 1% risk of failure)
Confirm with . or Enter, or press ? or * to list all spells.
You feel a surge of power!
The dungeon rumbles!
The shadow dragon zombie is severely damaged.
You destroy the sphinx zombie!
Vehumet accepts your kill.
You feel your power returning.
You kill the deep elf annihilator!
Vehumet accepts your kill.
The tengu reaver is heavily wounded.
Ka-crash!
You hear a shout!
You hear a deafening roar! x2; You hear a shout! x2
You hear a deafening roar!
Unknown command.
Casting: Shatter (dangerous; 1% risk of failure)
Confirm with . or Enter, or press ? or * to list all spells.
You feel a surge of power!
The dungeon rumbles!
The shadow dragon zombie is almost destroyed.
The tengu reaver is heavily wounded.
You hear an angry hiss.
You hear a shout! x3; You hear a deafening roar!
You hear a shout! x2; You hear a deafening roar!
You hear a shout! x2
You hear an angry hiss.
You hear a shout! x2
The shadow dragon zombie closely misses you.
The shadow dragon zombie completely misses you. x2
An anaconda comes into view.
The tengu reaver casts a spell at you. The bolt of fire hits you!!
A vault warden comes into view. It is wielding a +0 battleaxe.
A titan comes into view.
A vault sentinel comes into view. It is wielding a +0 war axe.
Casting: Shatter (dangerous; 1% risk of failure)
Confirm with . or Enter, or press ? or * to list all spells.
You feel a surge of power!
The dungeon rumbles!
The shadow dragon zombie is almost destroyed.
The tengu reaver is severely wounded.
The anaconda is heavily wounded.
The vault warden is almost dead.
The titan is severely wounded.
The vault sentinel is severely wounded.
You hear a shout!
The shadow dragon zombie barely misses you.
The shadow dragon zombie completely misses you.
The shadow dragon zombie barely misses you.
An ettin comes into view. It is wielding two +0 dire flails.
The vault sentinel gestures at you while chanting.
You easily resist.
Casting: Shatter (dangerous; 1% risk of failure)
Confirm with . or Enter, or press ? or * to list all spells.
You feel a surge of power!
The dungeon rumbles!
The shadow dragon zombie is almost destroyed.
You kill the anaconda!
Vehumet accepts your kill.
You feel your power returning.
The tengu reaver is severely wounded.
You kill the vault warden!
Vehumet accepts your kill.
You kill the titan!
Vehumet accepts your kill.
You feel your power returning.
You kill the ettin!
Vehumet accepts your kill.
You feel your power returning.
You kill the vault sentinel!
Vehumet accepts your kill.
You hear a shout! x5
The shadow dragon zombie completely misses you.
The shadow dragon zombie claws you.
The shadow dragon zombie barely misses you.
A cyclops comes into view.
The tengu reaver gestures at you while chanting.
The bolt of fire hits you!!!
You die...

............).)
..†.........)..
......#).......
........)......
C.#.......)....
......)))......
.....).Z<<).)..
.....))@..<)().
.....).)<<.)...
.......)..)....
.).....).))....
........)).....
......Q.....†).
...........#...
.....).........


You could see a tengu reaver (repels missiles), a cyclops and a shadow dragon
zombie.

Vanquished Creatures
  Mara (Depths:1)
  Sojobo (Vaults:4)
  A juggernaut (Depths:3)
  Boris (Vaults:3)
  Bai Suzhen (Crypt:3)
  Frederick (Vaults:4)
  Saint Roka (Vaults:2)
  2 golden dragons (Depths:3)
  7 caustic shrikes
  A profane servitor (Crypt:3)
  3 bone dragons
  Arachne (Spider:3)
  2 walking crystal tomes (Depths:3)
  4 titans
  2 Ice Fiends
  Asterion (Vaults:4)
  A lich (Vaults:1)
  2 deep elf blademasters (Elf:3)
  A walking divine tome (Depths:3)
  4 sphinxes
  2 ancient champions
  The ghost of Duhoah Foli the Severer, an adept AtWn of Uskayaw (Spider:1)
  2 krakens (Shoals:2)
  A storm dragon (Vaults:4)
  Polyphemus (Shoals:4)
  A shadow dragon (Depths:4)
  Kirke (D:15)
  2 revenants
  5 tengu reavers
  2 draconian knights (Vaults:4)
  Donald (Shoals:2)
  2 draconian monks (Depths:4)
  8 fire giants
  8 deep elf elementalists (Elf:3)
  4 emperor scorpions
  11 vault wardens
  8 ghost moths
  An iron dragon (Depths:3)
  7 deep elf sorcerers (Elf:3)
  7 frost giants
  4 caustic shrike zombies (Crypt:3)
  A balrug (Depths:2)
  An orc warlord (Vaults:2)
  A juggernaut zombie (Crypt:3)
  13 ghouls
  7 stone giants
  20 very ugly things
  9 ironbound preservers
  7 ironbound thunderhulks
  11 broodmothers
  A formless jellyfish (Vaults:1)
  3 curse skulls
  2 war gargoyles (Vaults:3)
  A reaper (Depths:2)
  5 vampire knights
  A black draconian (Depths:4)
  A minotaur (Shoals:1)
  A yellow draconian (Depths:4)
  10 deep elf annihilators
  A purple draconian (Depths:4)
  15 dire elephants
  14 spark wasps
  3 white draconians (Depths:4)
  A blizzard demon (Depths:2)
  11 eidola
  5 fire dragons
  4 merfolk javelineers
  6 merfolk impalers
  3 crystal guardians
  4 deep elf death magi (Elf:3)
  10 deep elf high priests
  11 ettins
  Josephine (Shoals:1)
  6 entropy weavers
  8 yaktaur captains
  A mummy priest (Crypt:3)
  A ragged hierophant (Elf:2)
  15 jiangshi
  4 spriggan zombies
  3 peacekeepers
  5 great orbs of eyes
  5 spriggan air magi (Depths:4)
  5 hydras
  11 ice dragons
  2 rakshasas (Depths:2)
  A quicksilver dragon skeleton (Crypt:1)
  29 vault guards
  An ogre mage (D:15)
  19 centaur warriors
  A fenstrider witch skeleton (Crypt:1)
  4 jorogumos (Spider:3)
  3 caustic shrike simulacra
  3 catoblepae
  7 boulder beetles
  10 ironbound frosthearts
  2 alligator snapping turtles
  5 death knights
  An anaconda (shapeshifter) (Vaults:5)
  22 dancing weapons
  5 radroaches
  4 satyrs
  5 merfolk aquamancers
  2 merfolk avatars
  A sphinx zombie (Vaults:5)
  6 two-headed ogres
  3 deep troll shamans
  9 deep troll earth magi
  A titan zombie (Vaults:5)
  5 tengu warriors
  10 death yaks
  7 demonic crawlers
  9 spriggan berserkers
  7 vampire magi
  A soul eater (Crypt:2)
  A storm dragon zombie (Crypt:1)
  9 deep elf knights
  2 skysharks
  A sun demon (Depths:2)
  3 shadow wraiths (Crypt:2)
  3 iron trolls
  A titan skeleton (Vaults:5)
  A hell knight (Depths:3)
  2 sun moths
  Amaemon (Lair:2)
  A bunyip zombie (Crypt:3)
  15 pharaoh ants
  26 skeletal warriors
  10 sea snakes
  8 arcanists
  6 flayed ghosts
  A ghost moth zombie (Crypt:2)
  A shadow dragon zombie (Crypt:3)
  2 glowing orange brains
  9 lindwurms
  5 spriggan simulacra
  17 deep elf archers
  8 orb spiders
  Pikel (D:7)
  49 deep trolls
  An obsidian statue (IceCv)
  10 steelbarb worms
  A lindwurm (shapeshifter) (Elf:1)
  26 harpies
  4 orc knights
  3 orange crystal statues
  25 phantasmal warriors
  20 deep elf pyromancers
  21 deep elf zephyrmancers
  A wolf spider (shapeshifter) (Vaults:5)
  13 ironbound convokers
  3 necromancers
  23 fauns
  A jorogumo zombie (Crypt:2)
  An alligator skeleton (Crypt:1)
  4 cyclopes
  30 wolf spiders
  3 orc sorcerers
  A moth of wrath (shapeshifter) (Depths:3)
  15 manticores
  A stone giant zombie (Crypt:3)
  37 ugly things
  A goliath frog skeleton (Crypt:2)
  23 elephants
  2 elephants (shapeshifter)
  8 black mambas
  6 merfolk sirens
  3 centaur zombies (Crypt:3)
  4 moths of wrath
  13 vault sentinels
  3 naga zombies
  6 water nymphs (Shoals:4)
  A gargoyle (D:13)
  A smoke demon (Depths:2)
  An orange demon (Lair:2)
  6 torpor snails
  A cane toad (shapeshifter) (Depths:1)
  10 cane toads
  A centaur skeleton (Crypt:1)
  An orb spider zombie (Crypt:2)
  2 unseen horrors
  A tormentor (Depths:2)
  19 freezing wraiths
  2 rime drakes (Lair:5)
  22 yaktaurs
  2 tengu conjurers
  A komodo dragon (shapeshifter) (D:14)
  2 unseen horror skeletons (Crypt:2)
  15 komodo dragons
  4 ice devils (IceCv)
  A golden dragon simulacrum (IceCv)
  3 guardian mummies (Crypt:3)
  A troll (shapeshifter) (Elf:3)
  An anaconda simulacrum (IceCv)
  25 merfolk
  A queen bee (Lair:4)
  12 wind drakes
  5 trolls
  3 harpy zombies
  7 meliai
  A polar bear (shapeshifter) (D:14)
  6 polar bears
  26 tarantellas
  18 blink frogs
  3 saltlings (Elf:2)
  A harpy skeleton (Crypt:1)
  9 hornets
  Prince Ribbit (D:6)
  10 snapping turtles
  A tengu simulacrum (Depths:2)
  13 dream sheep
  A snapping turtle (shapeshifter) (Elf:1)
  A shadow (D:12)
  32 slime creatures
  19 culicivoras
  2 fire dragon zombies
  Sigmund (D:2)
  A black mamba zombie (Crypt:3)
  40 jumping spiders
  4 air elementals
  2 vampires
  10 wyverns
  24 water elementals
  A hog (D:15)
  37 yaks
  6 spriggans
  A dire elephant simulacrum (IceCv)
  7 fire elementals
  14 wraiths
  6 humans (D:7)
  A tyrant leech zombie (Crypt:1)
  4 steam dragons
  13 vampire mosquitoes
  56 redbacks
  6 basilisks
  3 wargs
  3 minotaur simulacra (IceCv)
  Edmund (D:4)
  A deep troll zombie (Crypt:1)
  A faun zombie (Crypt:2)
  2 harpy simulacra
  Menkaure (D:6)
  A hydra simulacrum (IceCv)
  3 acid dragons
  9 water moccasins
  2 black bears
  34 orc warriors
  2 ettin simulacra
  3 ice beasts
  15 wolves
  12 ogres
  24 centaurs
  A blink frog skeleton (Crypt:1)
  2 phantoms (D:7)
  3 kobold brigands
  A lemure (D:7)
  An earth elemental (Elf:3)
  6 bullfrogs
  3 gnoll sergeants (D:9)
  13 necrophages (Crypt:3)
  5 scorpions
  3 deep troll simulacra (IceCv)
  7 wyvern skeletons (Crypt:3)
  26 killer bees
  A lindwurm simulacrum (IceCv)
  A warg skeleton (Crypt:1)
  7 electric eels
  8 howler monkeys
  3 human zombies
  4 crimson imps (Depths:1)
  4 jellies
  7 orc priests
  6 hounds
  2 gnoll boudas (D:10)
  A sleepcap (D:6)
  Jessica (D:3)
  4 human skeletons (Crypt:1)
  Natasha (thrice) (D:4)
  An iguana (shapeshifter) (Elf:3)
  18 orc wizards
  8 iguanas
  A boggart skeleton (Crypt:2)
  A deep dwarf skeleton (Crypt:2)
  4 mummies (Crypt:1)
  Robin (D:2)
  25 gnolls
  A steam dragon zombie (Crypt:2)
  10 adders
  2 adders (shapeshifter) (Elf:3)
  3 white imps
  2 dart slugs
  55 orcs
  7 endoplasms
  14 goblins
  10 hobgoblins
  8 jackals (D:2)
  19 kobolds
  2 quokkas
  9 ball pythons
  4 bats
  4 frilled lizards
  A quokka skeleton (Crypt:2)
  3 rats
  A rat (shapeshifter) (Elf:3)
  A rat skeleton (Crypt:2)
  A spectral orc (D:8)
  4 tentacles (Shoals:2)
2035 creatures vanquished.

Vanquished Creatures (collateral kills)
  A death yak (Lair:1)
  2 wolf spiders
  A jumping spider (Spider:4)
  A culicivora (Spider:1)
  A wraith (Shoals:1)
  3 wolves (Lair:1)
  2 orcs (Orc:2)
11 creatures vanquished.

Vanquished Creatures (others)
  A centaur warrior (D:15)
  A skyshark (Shoals:1)
  A black mamba (Lair:1)
  A tarantella (Spider:1)
  A polar bear (Lair:5)
  A jumping spider (Spider:4)
  A water elemental (Elf:1)
  5 humans (D:15)
  2 centaurs (D:15)
  A killer bee (D:7)
  A jelly (D:7)
  2 ufetubi (D:7)
  25 tentacles (Shoals:2)
43 creatures vanquished.

Grand Total: 2089 creatures vanquished

Notes
Turn   | Place    | Note
-------+----------+-------------------------------------------
     0 | D:1      | Flugkiller the Felid Earth Elementalist began the quest for
                  | the Orb.
     0 | D:1      | Reached XP level 1. HP: 7/7 MP: 4/4
    53 | D:1      | Reached skill level 3 in Earth Magic
   199 | D:1      | Reached XP level 2. HP: 11/11 MP: 0/6
   917 | D:2      | Reached XP level 3. HP: 14/14 MP: 5/7
  1140 | D:2      | Noticed Robin
  1579 | D:2      | Reached skill level 4 in Earth Magic
  1597 | D:2      | Found a shimmering altar of Xom.
  1643 | D:2      | Noticed Sigmund
  1650 | D:2      | Killed Sigmund
  1651 | D:2      | Reached skill level 5 in Earth Magic
  1651 | D:2      | Reached XP level 4. HP: 14/18 MP: 5/8
  1651 | D:2      | Reached XP level 5. HP: 16/21 MP: 5/9
  1823 | D:2      | Found a faded altar of an unknown god.
  1868 | D:2      | Killed Robin
  2392 | D:3      | Learned a level 3 spell: Stone Arrow
  2578 | D:3      | Gained mutation: You are covered in thick fur. (AC +2)
                  | [Felid growth]
  2578 | D:3      | Reached XP level 6. HP: 24/24 MP: 7/10
  2605 | D:3      | Noticed Jessica
  2608 | D:3      | Killed Jessica
  2942 | D:4      | Reached skill level 6 in Earth Magic
  2993 | D:4      | Reached skill level 1 in Conjurations
  3089 | D:4      | Found a sacrificial altar of Ru.
  3447 | D:4      | Reached XP level 7. HP: 27/27 MP: 3/11
  3648 | D:4      | Noticed Edmund
  4259 | D:4      | Noticed Natasha
  4354 | D:4      | Killed Natasha
  4481 | D:5      | Entered Level 5 of the Dungeon
  4574 | D:4      | Killed Edmund
  4575 | D:4      | Reached skill level 7 in Earth Magic
  4769 | D:4      | Found a sacrificial altar of Ru.
  4950 | D:4      | Noticed Natasha
  4954 | D:4      | Killed Natasha
  5310 | D:4      | Found a sacrificial altar of Ru.
  5313 | D:4      | Noticed Natasha
  5314 | D:4      | Killed Natasha
  5825 | D:4      | Learned a level 4 spell: Brom's Barrelling Boulder
  5880 | D:5      | Found an ancient bone altar of Kikubaaqudgha.
  6127 | D:5      | Reached XP level 8. HP: 31/31 MP: 2/12
  6279 | D:5      | Reached skill level 8 in Earth Magic
  6555 | D:5      | Found a runed translucent door.
  6556 | D:5      | Noticed Crazy Yiuf
  7227 | D:6      | Reached skill level 9 in Earth Magic
  7415 | D:6      | Noticed Jeremiah
  7449 | D:6      | Noticed Menkaure
  7455 | D:6      | Killed Menkaure
  7837 | D:6      | Noticed Prince Ribbit
  7853 | D:6      | Killed Prince Ribbit
  7854 | D:6      | Reached skill level 10 in Earth Magic
  7854 | D:6      | Reached XP level 9. HP: 34/34 MP: 1/14
  8830 | D:7      | Noticed Maggie
  8999 | D:7      | Noticed Pikel
  9023 | D:7      | Killed Pikel
  9024 | D:7      | Reached skill level 1 in Evocations
  9554 | D:7      | Reached skill level 5 in Spellcasting
  9657 | D:7      | Learned a level 4 spell: Petrify
  9787 | D:7      | Reached XP level 10. HP: 37/37 MP: 9/20
 10128 | D:7      | Found a staircase to the Ecumenical Temple.
 10137 | Temple   | Entered the Ecumenical Temple
 10152 | Temple   | Became a worshipper of Vehumet
 10587 | D:8      | Noticed a two-headed ogre
 10612 | D:8      | Killed a two-headed ogre
 10709 | D:8      | Reached skill level 11 in Earth Magic
 11071 | D:8      | Found a staircase to the Lair.
 11286 | D:8      | Reached * piety under Vehumet
 11286 | D:8      | Offered knowledge of Magic Dart by Vehumet.
 11713 | D:8      | Found a hazy altar of Hepliaklqana.
 11997 | D:9      | Found an opulent altar of Gozag.
 12101 | D:9      | Reached skill level 12 in Earth Magic
 12982 | D:8      | Identified a scroll of acquirement
 12994 | D:8      | Identified the "Febu Xuess" (You acquired it on level 8 of
                  | the Dungeon)
 12994 | D:8      | Acquired the Papyrus of Paper
 13002 | D:8      | Learned a level 5 spell: Fireball
 13241 | D:9      | Noticed a two-headed ogre
 13271 | D:9      | Killed a two-headed ogre
 13271 | D:9      | Reached ** piety under Vehumet
 13272 | D:9      | Reached skill level 1 in Fire Magic
 13272 | D:9      | Reached XP level 11. HP: 19/40 MP: 7/22
 13519 | D:9      | Noticed a white ugly thing
 13647 | D:9      | Offered knowledge of Poisonous Vapours by Vehumet.
 13700 | D:9      | Slain by a white ugly thing
 13727 | D:9      | Killed a white ugly thing
 13777 | D:9      | Found a shimmering altar of Xom.
 13831 | D:10     | Entered Level 10 of the Dungeon
 14647 | D:10     | Noticed a centaur warrior
 14658 | D:10     | Killed a centaur warrior
 15042 | D:10     | Offered knowledge of Volatile Blastmotes by Vehumet.
 15538 | D:10     | Found a glowing golden altar of the Shining One.
 15760 | D:11     | Reached *** piety under Vehumet
 16065 | D:11     | Paralysed by a hornet for 1 turns
 17124 | IceCv    | Identified the of Nuuch
 17124 | Lair:1   | Entered Level 1 of the Lair of Beasts
 17132 | Lair:1   | Reached skill level 5 in Fire Magic
 17155 | Lair:1   | Noticed a death yak
 17155 | Lair:1   | Noticed a death yak
 17226 | Lair:1   | Mangled by a yak
 17265 | Lair:1   | Noticed a death yak
 17270 | Lair:1   | Gained mutation: Your thick and shaggy fur keeps you warm.
                  | (AC +3, rC+) [Felid growth]
 17270 | Lair:1   | Reached XP level 12. HP: 44/44 MP: 13/25
 17272 | Lair:1   | Noticed a death yak
 17288 | Lair:1   | Offered knowledge of Dazzling Flash by Vehumet.
 17317 | Lair:1   | Killed a death yak
 17343 | Lair:1   | You fall into a shaft and drop 1 floor!
 17474 | Lair:2   | Slain by a komodo dragon
 17762 | Lair:2   | Noticed Amaemon
 17849 | Lair:2   | Killed Amaemon
 18272 | Lair:2   | Noticed an eight-headed hydra
 18307 | Lair:2   | Killed an eight-headed hydra
 18573 | Lair:2   | Found a hole to the Spider Nest.
 18745 | Lair:2   | Found a staircase to the Shoals.
 19271 | Lair:3   | Reached **** piety under Vehumet
 19503 | Lair:3   | Reached skill level 10 in Spellcasting
 19640 | Lair:3   | Offered knowledge of Iskenderun's Mystic Blast by Vehumet.
 20156 | Lair:3   | Reached skill level 10 in Conjurations
 20434 | Lair:3   | Noticed a catoblepas
 20611 | Lair:3   | Reached XP level 13. HP: 47/47 MP: 18/28
 21823 | Lair:4   | Reached skill level 10 in Fire Magic
 21957 | Lair:4   | Reached skill level 1 in Fighting
 22410 | Lair:4   | Reached skill level 5 in Dodging
 23070 | Lair:4   | Found a viscous altar of Jiyva.
 23072 | Lair:4   | Found a staircase to the Slime Pits.
 23385 | Lair:5   | Entered Level 5 of the Lair of Beasts
 23616 | Lair:5   | Reached ***** piety under Vehumet
 23618 | Lair:5   | Offered knowledge of Eringya's Noxious Bog by Vehumet.
 23897 | Lair:5   | Reached skill level 5 in Fighting
 23965 | Lair:5   | Found an iron altar of Okawaru.
 24419 | Lair:5   | Reached XP level 14. HP: 60/60 MP: 23/29
 24661 | Lair:5   | Reached skill level 10 in Dodging
 25958 | Lair:1   | Offered knowledge of Conjure Ball Lightning by Vehumet.
 26625 | D:12     | Found a staircase to the Orcish Mines.
 26891 | D:12     | Noticed Jorgrun
 26982 | D:12     | Reached skill level 5 in Evocations
 27222 | D:13     | Shot with an arrow by a centaur warrior
 27499 | D:13     | Found a runed translucent gate.
 27499 | D:13     | Found a runed translucent gate.
 27499 | D:13     | Found a runed translucent gate.
 27505 | D:13     | Noticed kae's ghost (journeyman DsEn)
 27826 | D:13     | Slain by a centaur warrior
 29028 | D:14     | Reached XP level 15. HP: 67/67 MP: 13/30
 29949 | D:15     | Entered Level 15 of the Dungeon
 29969 | D:15     | Found a frozen archway.
 30062 | IceCv    | Entered an ice cave
 30745 | IceCv    | Offered knowledge of Bombard by Vehumet.
 30753 | IceCv    | Learned a level 6 spell: Bombard
 30899 | IceCv    | Noticed an Ice Fiend
 30904 | IceCv    | ok
 30913 | IceCv    | Killed an Ice Fiend
 31243 | IceCv    | Identified the ring "Toezxyci" {Wiz Str-5 Int+6}
 31345 | D:15     | Noticed Kirke
 31354 | D:15     | Killed Kirke
 31685 | D:15     | Reached skill level 10 in Fighting
 31759 | D:15     | Found a staircase to the Depths.
 31763 | D:15     | HP: 3/69 [seven-headed hydra (10)]
 32267 | D:15     | Noticed Roxanne
 33946 | Orc:1    | Entered Level 1 of the Orcish Mines
 34319 | Orc:2    | Entered Level 2 of the Orcish Mines
 34458 | Orc:2    | Offered knowledge of Lee's Rapid Deconstruction by Vehumet.
 34509 | Orc:2    | Learned a level 5 spell: Lee's Rapid Deconstruction
 35752 | Orc:2    | Reached skill level 13 in Earth Magic
 36233 | Orc:2    | Found a burning altar of Makhleb.
 36528 | Orc:2    | Found Jixoabou's Magic Scroll Boutique.
 36528 | Orc:2    | Found Cemacets's Assorted Antiques.
 36530 | Orc:2    | Found Lugit's General Store.
 36532 | Orc:2    | Found Cungaxol's General Store.
 36536 | Orc:2    | Bought a scroll of blinking for 120 gold pieces
 36536 | Orc:2    | Bought a scroll of butterflies for 64 gold pieces
 36546 | Orc:2    | Bought a scroll of teleportation for 48 gold pieces
 36546 | Orc:2    | Bought a scroll of fear for 64 gold pieces
 36546 | Orc:2    | Bought a scroll of identify for 32 gold pieces
 36546 | Orc:2    | Bought a scroll of identify for 32 gold pieces
 36603 | Orc:2    | Found a staircase to the Elven Halls.
 36678 | Vaults:5 | Identified the "Haeh"
 36678 | Depths:3 | Identified the of Seninag
 36678 | Depths:4 | Identified the "Mileuff"
 36678 | Elf:1    | Entered Level 1 of the Elven Halls
 36835 | Elf:1    | Reached XP level 16. HP: 43/73 MP: 31/31
 37624 | Elf:1    | Found a runed translucent gate.
 37625 | Elf:1    | Found a runed translucent gate.
 37625 | Elf:1    | Found a runed translucent gate.
 37629 | Elf:1    | Noticed Esmu's ghost (adept MiFi)
 37718 | Elf:1    | Identified the +8 trident of Dismay {flame, rElec}
 37753 | Elf:1    | Offered knowledge of Orb of Destruction by Vehumet.
 37795 | Elf:1    | Learned a level 7 spell: Orb of Destruction
 37987 | Desolati | Identified the "Pumugoh"
 37987 | Desolati | Identified the "Egev"
 37987 | Desolati | Identified the "Ikhua"
 38317 | Elf:2    | Found a portal to a secret trove of treasure.
 38373 | Elf:2    | Found a runed translucent gate.
 38378 | Elf:2    | Found a runed translucent gate.
 38378 | Elf:2    | Found a runed translucent gate.
 38553 | Elf:2    | Reached skill level 14 in Earth Magic
 39310 | Elf:2    | Reached skill level 15 in Earth Magic
 39416 | Elf:3    | Identified the "Jamuot"
 39416 | Elf:3    | Entered Level 3 of the Elven Halls
 39710 | Elf:3    | Found Lyed Ala's Antique Weapon Shoppe.
 40603 | Elf:3    | Found Zacsof's Assorted Antiques.
 40684 | Elf:3    | Reached skill level 16 in Earth Magic
 40775 | Elf:3    | Found Weesk's Antique Weapon Shop.
 40807 | Elf:3    | Paralysed by an air elemental for 1 turns
 41231 | Elf:3    | Noticed a deep elf blademaster
 41242 | Elf:3    | Killed a deep elf blademaster
 41243 | Elf:3    | Reached XP level 17. HP: 76/76 MP: 9/32
 41405 | Elf:3    | Noticed a deep elf blademaster
 41409 | Elf:3    | Killed a deep elf blademaster
 41736 | Elf:3    | Identified the +5 chain mail of Hedging {+Blink rC+ rCorr
                  | Int+2}
 41739 | Elf:3    | Offered knowledge of Starburst by Vehumet.
 41740 | Elf:3    | Reached skill level 17 in Earth Magic
 42049 | Elf:3    | Identified the +4 hand axe "Kymasch" {freeze, *Noise rCorr
                  | Stlth+}
 42299 | Elf:3    | Found Lyed Ala's Antique Weapon Shoppe.
 42434 | Elf:3    | Found Zacsof's Assorted Antiques.
 42531 | Elf:3    | Found Weesk's Antique Weapon Shop.
 43454 | Elf:3    | Reached skill level 18 in Earth Magic
 43454 | Elf:3    | Identified the +3 leather armour of the Shrinking Gods
                  | {Int+8 Dex-4}
 43457 | Elf:3    | Identified the +7 mace of Sunlight {vamp, SInv}
 43457 | Elf:3    | Identified the amulet "Jiatal" {Regen+ Int+3}
 43549 | Elf:3    | Learned a level 6 spell: Starburst
 44341 | Spider:1 | Entered Level 1 of the Spider Nest
 44401 | Spider:1 | Found a runed translucent door.
 44401 | Spider:1 | Noticed Duhoah Foli's ghost (adept AtWn)
 45600 | Spider:1 | Reached ****** piety under Vehumet
 45701 | Spider:1 | Reached skill level 19 in Earth Magic
 46253 | Spider:1 | Killed Duhoah Foli's ghost
 46634 | Spider:2 | Offered knowledge of Lehudib's Crystal Spear by Vehumet.
 46635 | Spider:2 | Reached XP level 18. HP: 80/80 MP: 33/33
 46651 | Spider:2 | Learned a level 8 spell: Lehudib's Crystal Spear
 48369 | Spider:3 | Noticed Arachne
 48386 | Spider:3 | Killed Arachne
 49629 | Spider:3 | Reached skill level 20 in Earth Magic
 49672 | Spider:3 | Found the +3 warlock's mirror {omnireflect}
 50094 | Spider:4 | Entered Level 4 of the Spider Nest
 51188 | Spider:4 | Offered knowledge of Polar Vortex by Vehumet.
 51188 | Spider:4 | Offered knowledge of Maxwell's Capacitive Coupling by
                  | Vehumet.
 51909 | Spider:4 | Reached XP level 19. HP: 84/84 MP: 30/37
 52494 | Spider:4 | Got a gossamer rune of Zot
 52630 | Spider:4 | Learned a level 9 spell: Shatter
 52631 | Spider:4 | Lost strength.
 52789 | Shoals:1 | Entered Level 1 of the Shoals
 52815 | Shoals:1 | Noticed Josephine
 52825 | Shoals:1 | Killed Josephine
 53305 | Shoals:1 | Found a hide-covered altar of Uskayaw.
 53324 | Shoals:1 | Reached skill level 15 in Spellcasting
 54253 | Shoals:2 | Identified the +0 robe of the Chimera {Slay+2}
 54760 | Shoals:2 | Noticed Donald
 54764 | Shoals:2 | Killed Donald
 56098 | Shoals:3 | Reached skill level 21 in Earth Magic
 56252 | Shoals:3 | Found Ruyll's Book Shop.
 56563 | Shoals:4 | Entered Level 4 of the Shoals
 56742 | Shoals:4 | Noticed Polyphemus
 56749 | Shoals:4 | Killed Polyphemus
 57375 | Shoals:4 | Reached XP level 20. HP: 88/88 MP: 40/40
 57427 | Shoals:4 | Got a barnacled rune of Zot
 57702 | Shoals:4 | Reached skill level 22 in Earth Magic
 58165 | D:14     | Found a gate to the Vaults.
 58197 | Vaults:1 | Entered Level 1 of the Vaults
 60567 | Vaults:1 | Reached skill level 23 in Earth Magic
 60980 | Vaults:2 | Found a large runed translucent door.
 60980 | Vaults:2 | Found a large runed translucent door.
 60980 | Vaults:2 | Noticed Arzdou's ghost (adept DsSh)
 60980 | Vaults:2 | Noticed Ciotsan's ghost (adept FeIE)
 62250 | Vaults:2 | Noticed Saint Roka
 62621 | Vaults:2 | Killed Saint Roka
 62867 | Vaults:2 | Reached skill level 24 in Earth Magic
 63800 | Vaults:3 | Reached XP level 21. HP: 91/91 MP: 7/41
 64242 | Vaults:3 | Noticed Boris
 64252 | Vaults:3 | Killed Boris
 64674 | Vaults:3 | Found a staircase to the Crypt.
 64755 | Vaults:4 | Slain by a tengu reaver
 65222 | Vaults:4 | Reached skill level 25 in Earth Magic
 65735 | Vaults:4 | Found Esyr's Assorted Antiques.
 65810 | Vaults:4 | Noticed Frederick
 65810 | Vaults:4 | Noticed Sojobo
 66380 | Vaults:4 | Killed Frederick
 66386 | Vaults:4 | Killed Sojobo
 66544 | Vaults:4 | Noticed Asterion
 67435 | Vaults:4 | Killed Asterion
 67742 | Depths:1 | Entered Level 1 of the Depths
 67742 | Depths:1 | Found a gateway to Hell.
 67756 | Depths:1 | Found a shimmering altar of Xom.
 67757 | Depths:1 | Reached skill level 26 in Earth Magic
 67760 | Depths:1 | Noticed Mara
 67772 | Depths:1 | Noticed Flugkiller's illusion
 67773 | Depths:1 | Killed Mara
 68208 | Depths:1 | You fall into a shaft and drop 1 floor!
 68259 | Depths:1 | Demolished by a spark wasp
 68320 | Depths:1 | Reached XP level 22. HP: 95/95 MP: 11/42
 68410 | Depths:1 | Learned a level 5 spell: Borgnjor's Vile Clutch
 68435 | Depths:1 | Found a one-way gateway to a ziggurat.
 69212 | Depths:2 | Found a one-way gate leading to the halls of Pandemonium.
 69892 | Depths:2 | Found a one-way gate to the infinite horrors of the Abyss.
 70290 | Depths:2 | HP: 2/97 [titan/the air (33)]
 71004 | Depths:2 | Noticed a caustic shrike
 71004 | Depths:2 | Noticed a caustic shrike
 71004 | Depths:2 | Noticed a caustic shrike
 71042 | Depths:2 | Identified the +3 ring mail "Weha" {SInv}
 71212 | Depths:3 | Reached skill level 27 in Earth Magic
 71273 | Depths:3 | Noticed a juggernaut
 71275 | Depths:3 | Killed a juggernaut
 71279 | Depths:3 | Noticed a golden dragon
 71343 | Depths:3 | Noticed a caustic shrike
 71346 | Depths:3 | Killed a caustic shrike
 71348 | Depths:3 | Killed a golden dragon
 72264 | Depths:3 | Noticed a golden dragon
 72268 | Depths:3 | Killed a golden dragon
 72283 | Depths:3 | Identified the ring "Qeotuvei" {rC++ rN+ Int+6}
 72474 | Depths:3 | Noticed a caustic shrike
 72483 | Depths:3 | HP: 5/102 [caustic shrike (31)]
 72483 | Depths:3 | Splashed by a caustic shrike's acid
 72873 | Depths:3 | Killed a caustic shrike
 73001 | Depths:3 | Found Big Baal Hell's Store.
 73042 | Depths:3 | Bought a scroll of acquirement for 3432 gold pieces
 73042 | Depths:3 | Identified the of Xesa (You acquired it on level 3 of the
                  | Depths)
 73042 | Depths:3 | Acquired 508 gold pieces
 73170 | Depths:4 | Entered Level 4 of the Depths
 73230 | Depths:4 | Found Futaise's Weapon Shoppe.
 73230 | Depths:4 | Found Jaq Dom's Armour Emporium.
 74227 | Depths:4 | Noticed a caustic shrike
 74268 | Depths:4 | Reached XP level 23. HP: 89/107 MP: 7/43
 74455 | Depths:4 | Found a broken altar of Ashenzari.
 74481 | Depths:4 | Noticed a caustic shrike
 74481 | Depths:4 | Noticed a caustic shrike
 74483 | Depths:4 | Noticed a caustic shrike
 74799 | Depths:4 | Noticed a caustic shrike
 74807 | Depths:4 | Killed a caustic shrike
 74808 | Depths:4 | Reached skill level 15 in Fighting
 74816 | Depths:4 | Killed a caustic shrike
 74925 | Depths:4 | Killed a caustic shrike
 74955 | Depths:4 | Killed a caustic shrike
 75275 | Depths:4 | Killed a caustic shrike
 75764 | Depths:4 | Found a gate to the Realm of Zot.
 76022 | Crypt:1  | Entered Level 1 of the Crypt
 76140 | Crypt:1  | Reached skill level 15 in Conjurations
 76344 | Crypt:1  | Noticed Kiamal's ghost (veteran GnHW)
 76345 | Crypt:1  | Found a transporter.
 76345 | Crypt:1  | Noticed Xecaleth's ghost (adept GrFi)
 76354 | Crypt:1  | Noticed a dread lich
 76586 | Crypt:1  | Identified the +1 sling "Tyrygokh" {flame, Contam rElec rC+
                  | Str+4}
 76711 | Crypt:1  | Found a transporter.
 78076 | Crypt:2  | Reached skill level 15 in Dodging
 78731 | Crypt:3  | Entered Level 3 of the Crypt
 79026 | Crypt:3  | Identified the +9 spear "Kuakikh" {flame, rN+ Will++}
 79107 | Crypt:3  | Noticed Boris
 79407 | Crypt:3  | Found a basalt altar of Yredelemnul.
 79732 | Crypt:3  | Noticed Bai Suzhen
 79801 | Crypt:3  | Killed Bai Suzhen
 80446 | Crypt:3  | Reached XP level 24. HP: 69/114 MP: 4/43
 82601 | Crypt:3  | Identified the +0 short sword "Enixtafu" {freeze, rElec}
 82877 | Crypt:3  | Found a staircase to the Tomb.
 83037 | Crypt:3  | Identified the +0 chain mail of Supple Strength {Dex+2}
 83275 | Vaults:5 | Entered Level 5 of the Vaults
 83284 | Vaults:5 | Killed from afar by a tengu reaver

Illustrated notes

##### #...##....####..##
....## ######..##.....##...#
.....###.#...........[###..#
......#.........##..)##...##
..........############...##
........### ###...##
......### ######...###
..#.### ####....§.○## .####
# #.....@.§°..### .#
##....##.Z.○☼°°☼.# ##
.....##..####☼.§...# #
#........#....§..# ##
###..W...##..○.... .##
##1W....##...... ..#
....#........... ..#
###..#..###.... .## ..☼#....


Turn 30904 on IceCv: ok

Levels and vault maps discovered:
D:1:      dpeg_arrival_arbitrary_b, layout_basic
D:2:      layout_loops_corners, chequers_ecumenical_altar_twisty, basic_altar,
          serial_glass, glass_columns_a, glass_columns_c,
          nicolae_underground_beach, uniq_robin, uniq_sigmund
D:3:      layout_basic, uniq_jessica
D:4:      layout_loops_ring, hangedman_ru_absence, nrook_loot_triangle,
          hangedman_decor_diamond_cutter, uniq_edmund, uniq_natasha
D:5:      layout_loops_ring, old_standard_altar, st_stairs_14,
          chequers_arboretum, uniq_crazy_yiuf_cottage
D:6:      layout_loops_ring, minmay_puff, uniq_jeremiah, uniq_menkaure,
          uniq_prince_ribbit1
D:7:      layout_rooms, lemuel_temple_firewalk_a, minmay_ruffians, uniq_pikel,
          uniq_maggie
D:8:      layout_basic, nicolae_hepliaklqana_monster_ancestors,
          grunt_lair_entry_orc_guard_hut, kennysheep_generic_room_16
D:9:      layout_roguey, hangedman_feature_mirror,
          chequers_serial_rivers_micro_c
D:10:     layout_rooms, nicolae_tso_carved_into_rock,
          hangedman_abyss_or_decor_stagger
D:11:     layout_cave_pools, minivault_26, minmay_crystal_water,
          solitary_fountain
D:12:     layout_roguey, orc_0_dummy, uniq_jorgrun
D:13:     layout_irregular_city, maelrawn_ghost_gauntlet_escape
D:14:     layout_roguey, erik_vaults_1, corexii_hall_statues_i, serial_rivers,
          chequers_serial_rivers_small_3, chequers_serial_rivers_large_b,
          chequers_serial_rivers_micro_b, chequers_serial_rivers_small_3
D:15:     hangedman_depths_entry_try_elsewhere_first, layout_loops_ring,
          nicolae_triple_integral, portal_ice_cave_entry_frozen_things,
          uniq_kirke, uniq_roxanne
Temple:   eino_narrow_crystal_temple
Lair:1:   layout_long_grid, chequers_serial_rivers_large_a,
          nicolae_quartered_pool_medium
Lair:2:   layout_layer_cave, elwin_shoals_entry_rooms, spider_nest_entry_rubble,
          grunt_forest_small_clearings, serial_bayou_shore_b, uniq_amaemon
Lair:3:   layout_regular_city
Lair:4:   layout_layer_cave, minmay_slime_entry_oklob_enclosed, special_room
          [special_room_bee], serial_bayou_pond_c
Lair:5:   gammafunk_lair_ancient_temple, layout_small_grid, basic_altar
Shoals:1: layout_shoals, regret_index_shoals_crete, uniq_josephine
Shoals:2: layout_shoals, uniq_donald
Shoals:3: layout_shoals, serial_shops, shop
Shoals:4: shoals_end_grunt_garden, layout_shoals, uniq_polyphemus
Spider:1: layout_spider_delve, hellmonk_ghost_happy_afterlife,
          nicolae_spider_shape
Spider:2: nicolae_spider_mines_3
Spider:3: nicolae_spider_hilbert_zone_1 [nicolae_spider_hilbert_4_sides_1_open,
          nicolae_spider_hilbert_4_sides_1_open,
          nicolae_spider_hilbert_4_sides_1_open,
          nicolae_spider_hilbert_4_sides_1_open,
          nicolae_spider_hilbert_3_sides_1_open,
          nicolae_spider_hilbert_3_sides_1_open,
          nicolae_spider_hilbert_3_sides_1_open,
          nicolae_spider_hilbert_3_sides_1_open,
          nicolae_spider_hilbert_3_sides_1_open,
          nicolae_spider_hilbert_6_sides_1_open,
          nicolae_spider_hilbert_6_sides_1_open,
          nicolae_spider_hilbert_3_sides_1_open,
          nicolae_spider_hilbert_3_sides_1_open,
          nicolae_spider_hilbert_3_sides_1_open,
          nicolae_spider_hilbert_3_sides_1_open,
          nicolae_spider_hilbert_2_sides_1_open], uniq_arachne
Spider:4: hellmonk_spider_rune_endless_swarm
Orc:1:    layout_caves, nicolae_volcano_entry_vermiform
Orc:2:    st_orc_rangers, layout_caves, basic_altar, bloody_makhleb
Elf:1:    layout_geoelf_diagonals, gammafunk_ghost_tricky_traps,
          kennysheep_underground_church
Elf:2:    elven_hall_of_blades_hangedman_original [nicolae_blade_tridents],
          layout_onion_city, portal_desolation_entry_salt,
          nicolae_trove_entry_crystal
Elf:3:    minmay_elf_hall_hex, layout_geoelf_castle, serial_shops, shop,
          nicolae_shop_hallway_plus, shop_fountains,
          nicolae_elf_shapeshifter_party
Vaults:1: nicolae_vaults_hexular_roomagon, nicolae_vaults_diffraction_hallways,
          ontoclasm_vaults_fault, nicolae_vaults_back_hallway, v_misc_31,
          v_rooms_4, nicolae_vaults_trapezoid_3, v_misc_30, grunt_vaults_focal,
          vaults_room_corners, nicolae_vaults_trapezoid_lopsided_2,
          grunt_vaults_trifunnel, vaults_dpeg_diagonal, layout_vaults_big_room
Vaults:2: advil_vaults_ghost_guards, nicolae_vaults_door_testing_chamber,
          nicolae_vaults_closet_pinwheel_3, vaults_room_pools, vaults_dpeg_ring,
          nicolae_vaults_storage_closets_3, nicolae_vaults_closet_pinwheel_2,
          v_misc_13, nicolae_vaults_shelves_hall, nicolae_vaults_hallways_thing,
          hangedman_vaults_locks, nicolae_vaults_network_star,
          ontoclasm_vaults_claustrophobia, v_misc_14, layout_vaults_maze_bifur,
          uniq_saint_roka
Vaults:3: v_misc_17, minmay_crypt_entry_simple_plaza,
          nicolae_vaults_little_squares_6, nicolae_vaults_tetromino_T_1,
          v_misc_26, vaults_room_pool, ontoclasm_vaults_tryst,
          nicolae_vaults_tetromino_T_1, hangedman_vaults_slice,
          layout_vaults_omnigrid, uniq_boris
Vaults:4: nicolae_vaults_layer_cake_slice, vaults_room_boxed,
          nicolae_vaults_rhombus_7, hangedman_vaults_stream, vaults_room_fours,
          nicolae_vaults_tetromino_L_2, nicolae_vaults_tangram_1,
          nicolae_vaults_double_plus_3, dpeg_vaults_monster_row,
          nicolae_vaults_trapezoid_lopsided_1, nicolae_vaults_specimen_jars,
          hangedman_vaults_corner_blocks, nicolae_vaults_tetromino_Z_1,
          sword_in_stone, layout_vaults_big_cross, serial_shops, shop
Vaults:5: serial_shops
Crypt:1:  layout_chaotic_city, nzn_ghost_randoct,
          grunt_crypt_arrival_guarded_gate, grunt_megastairs_3
Crypt:2:  layout_misc_corridors, lemuel_elevator
Crypt:3:  evilmike_haunted_forest, uniq_bai_suzhen, uniq_josephina
Depths:1: layout_cave_shapes, enter_ziggurat_e, hell_entry, dk_noncrumbling_3,
          led_xom_imps, uniq_mara
Depths:2: dreamdust_isle_of_ice, layout_cave_pools, abyss_entry,
          serial_bayou_pond_a, rand_demon_pan_entry_5, lightli_too_deep,
          nicolae_tricolors, minmay_staircase_windowed_large
Depths:3: evilmike_pillar_path, layout_gridlike, abyss_entry_small_statue_room,
          nicolae_hell_entry_big_baal_hell
Depths:4: grunt_zot_entry_alcove, layout_basic, hell_entry,
          cheibrodos_ashenzari_chains, minmay_shoptagon, serial_bayou_shore_b

Skill      XL: |  1  2  3  4  5  6  7  8  9 10 11 12 13 14 15 16 17 18 19 20 21 22 23 24 |
---------------+-------------------------------------------------------------------------+-----
Earth Magic    | 3 5 6 7 10 12 13 16 19 20 21 24 26 27 | 27.0
Stealth        | 3 4 |  4.0
Conjurations   | 2 4 6 8 10 12 13 14 16 18 | 18.1
Spellcasting   | 3 6 7 8 10 13 15 | 15.0
Evocations     | 3 6 |  6.0
Transmutations | 2 4 |  4.0
Fire Magic     | 1 5 8 10 | 10.0
Dodging        | 9 11 14 15 17 | 17.3
Fighting       | 6 8 10 14 16 | 16.0

Action                     |  1- 3 |  4- 6 |  7- 9 | 10-12 | 13-15 | 16-18 | 19-21 | 22-24 || total
---------------------------+-------+-------+-------+-------+-------+-------+-------+-------++-------
  Melee: Unarmed           |     1 |       |       |     1 |    50 |     8 |       |     2 ||    62
         Bite              |     1 |       |       |       |     9 |     2 |       |       ||    12
         Punch             |       |       |       |       |     1 |     1 |       |       ||     2
   Cast: Sandblast         |    66 |    36 |    37 |    29 |     1 |       |       |       ||   169
         Stone Arrow       |       |     9 |   109 |   411 |   502 |     7 |       |       ||  1038
         Fireball          |       |       |       |    22 |   226 |   124 |   194 |     8 ||   574
         Petrify           |       |       |       |     4 |       |       |       |       ||     4
         Bombard           |       |       |       |       |   194 |   376 |   311 |    48 ||   929
         Lee's Rapid Decon |       |       |       |       |     6 |   242 |   144 |   259 ||   651
         Orb of Destructio |       |       |       |       |       |    93 |   101 |   221 ||   415
         Starburst         |       |       |       |       |       |    19 |    13 |       ||    32
         Lehudib's Crystal |       |       |       |       |       |     7 |    39 |   160 ||   206
         Shatter           |       |       |       |       |       |       |   115 |    94 ||   209
         Borgnjor's Vile C |       |       |       |       |       |       |       |    14 ||    14
  Evoke: Wand              |     3 |     1 |     4 |     7 |     6 |    21 |     2 |     9 ||    53
         Lightning rod     |       |       |       |     2 |     4 |     2 |       |       ||     8
         Phial of floods   |       |       |       |       |       |     1 |     1 |       ||     2
         Condenser vane    |       |       |       |       |       |       |       |     1 ||     1
    Use: Scroll            |     7 |     1 |     1 |    16 |    16 |    13 |    14 |     4 ||    72
         Potion            |       |       |       |     2 |     5 |    10 |    13 |     5 ||    35
 Armour: Skin              |    21 |     5 |    18 |    68 |   150 |   113 |   132 |    90 ||   597
  Dodge: Dodged            |    28 |    11 |    32 |   142 |   363 |   261 |   234 |   202 ||  1273
  Block: Other             |       |       |    12 |    19 |       |       |       |       ||    31
         Reflection        |       |       |     2 |     7 |       |       |       |       ||     9

Table legend: (Time is in decaauts)
 A = Elapsed time spent in this place.
 B = Non-inter-level travel time spent in this place.
 C = Inter-level travel time spent in this place.
 D = Time resting spent in this place.
 E = Time spent auto-exploring this place.
 F = Levels seen in this place.
 G = Mean time per level.
                   A        B        C        D        E       F      G
               +--------+--------+--------+--------+--------+-----+--------+
         Total |  75348 |  72107 |   3241 |  33918 |  23129 |  47 | 1603.1 |
       Dungeon |  21358 |  19944 |   1414 |   8278 |   7927 |  15 | 1423.9 |
        Temple |     25 |      3 |     22 |      0 |      0 |   1 |   25.0 |
          Lair |   8240 |   7953 |    287 |   3224 |   2780 |   5 | 1648.0 |
        Shoals |   5035 |   4854 |    181 |   2509 |   1558 |   4 | 1258.8 |
   Spider Nest |   7610 |   7409 |    201 |   3626 |   2090 |   4 | 1902.5 |
  Orcish Mines |   2488 |   2277 |    211 |    973 |    635 |   2 | 1244.0 |
   Elven Halls |   6731 |   6563 |    168 |   3158 |   1796 |   3 | 2243.7 |
        Vaults |   8769 |   8460 |    309 |   4230 |   2862 |   5 | 1753.8 |
         Crypt |   6447 |   6214 |    233 |   3170 |   1737 |   3 | 2149.0 |
        Depths |   7451 |   7239 |    212 |   3993 |   1660 |   4 | 1862.8 |
      Ice Cave |   1190 |   1190 |      0 |    754 |     80 |   1 | 1190.0 |
               +--------+--------+--------+--------+--------+-----+--------+

Top non-repeatable levels by time:
 Crypt:3: 3918 daAuts
   Elf:3: 3462 daAuts
Vaults:1: 2650 daAuts
     D:4: 2516 daAuts
    D:15: 2433 daAuts
     D:9: 2360 daAuts
Spider:3: 2334 daAuts
Spider:4: 2309 daAuts
Vaults:3: 2177 daAuts
Depths:4: 2073 daAuts
Vaults:4: 2047 daAuts
Depths:3: 2040 daAuts
   Elf:2: 2011 daAuts
Spider:1: 2003 daAuts
  Lair:4: 1937 daAuts
